 Dungeon Crawl Stone Soup version 0.29-a0-101-g0f647bec9a (webtiles) character file.

Game seed: 11397981158692834119

273 EiAlmux the Skirmisher (level 6, -2/49 HPs)
             Began as a Demonspawn Gladiator on Feb 15, 2022.
             Killed from afar by Blork the orc (5 damage)
             ... with a puff of frost
             ... on level 4 of the Dungeon.
             The game lasted 00:06:49 (3951 turns).

EiAlmux the Skirmisher (Demonspawn Gladiator)       Turns: 3951, Time: 00:06:50

Health: -2/49      AC:  3    Str: 16    XL:     6   Next: 2%
Magic:  6/6        EV: 12    Int: 10    God:
Gold:   101        SH:  0    Dex: 14    Spells: 5/5 levels left

rFire   . . .      SeeInvis .   f - +2 whip (venom)
rCold   . . .      Faith    .   (no shield)
rNeg    . . .      Spirit   .   b - +0 leather armour
rPois   .          Reflect  .   (helmet restricted)
rElec   .          Harm     .   (no cloak)
rCorr   .          Rampage  .   (no gloves)
Will    .....                   (no boots)
Stlth   ++........              (no amulet)
HPRegen 0.16/turn               o - ring of flight
MPRegen 0.10/turn               (no ring)

@: flying
A: antennae 2, spiny 1
a: no special abilities


You were on level 4 of the Dungeon.
You visited 1 branch of the dungeon, and saw 4 of its levels.

You collected 101 gold pieces.

Inventory:

Hand Weapons
 a - a +0 war axe
 f - a +2 whip of venom (weapon)
Missiles
 d - 3 throwing nets (quivered)
Armour
 b - a +0 leather armour (worn)
 c - a +0 helmet
Jewellery
 o - a ring of flight (left hand)
Scrolls
 i - 4 scrolls of identify {unknown}
 k - a scroll of enchant weapon {unknown}
 n - a scroll of noise {unknown}
 p - a scroll of fear {unknown}
Potions
 e - 4 potions of curing {unknown}
 g - a potion of attraction {unknown}
 h - a potion of haste {unknown}
 j - 3 potions of brilliance {unknown}
 l - 2 potions of heal wounds {unknown}
 m - a potion of ambrosia {unknown}


   Skills:
 + Level 4.4 Fighting
 - Level 2.8(2.9) Axes
 - Level 0.7(2.0) Maces & Flails
 - Level 1.7 Throwing
 - Level 2.6 Dodging
 - Level 4.0 Stealth


You had 5 spell levels left.
You didn't know any spells.
Your spell library contained the following spells:

 Spells                   Type           Power      Damage    Failure   Level
 Static Discharge         Conj/Air       0%         N/A       56%         2
 Dazzling Flash           Conj/Hex       0%         N/A       80%         3
 Dispel Undead            Necr           0%         3d6       99%         4
 Iskenderun's Mystic Bla  Conj/Tloc      0%         2d3       99%         4
 Sticky Flame             Conj/Fire      0%         2d3       99%         4
 Starburst                Conj/Fire      0%         6d3       100%        6


Dungeon Overview and Level Annotations

Branches:
Dungeon (4/15)
 Temple: D:4-7

Altars:

Shops:
D:1 [   D:2 [

Annotations:
D:3 exclusion: ice beast
D:4 Blork the orc


Innate Abilities, Weirdness & Mutations

You have a pair of antennae on your head.
You are partially covered in sharp spines.


Message History

The jelly is moderately wounded.
The jelly is struck by your spines. The jelly hits you. The acid corrodes you!
You are splashed with acid!
You hit the jelly but do no damage.
Your hands burn!
The jelly is severely wounded.
The jelly hits you.
You are splashed with acid.
You are too injured to fight recklessly!
Blork the orc comes into view.
He is wielding a +0 halberd of flaming.
You hit the jelly.
Your hands burn!
The jelly is almost dead.
The jelly is struck by your spines.
You kill the jelly!
You have reached level 6!
Your demonic ancestry asserts itself...
The antennae on your head grow some more.
You are no longer corroded.
You see here a ball python skeleton.
Blork the orc shouts!
Blork the orc hits you from afar with a +0 halberd of flaming.
Blork the orc burns you.
Blork the orc looks satisfied for a moment.
You closely miss Blork the orc. Blork the orc is struck by your spines.
Blork the orc hits you with a +0 halberd of flaming.
Blork the orc burns you.
You barely miss Blork the orc.
Blork the orc is lightly wounded.
Blork the orc hits you with a +0 halberd of flaming!
Blork the orc burns you.
You hit Blork the orc but do no damage.
Blork the orc is poisoned.
Blork the orc is lightly wounded.
Blork the orc casts a spell at you. The puff of flame hits you!
You are too injured to fight recklessly!
Blork the orc hits you from afar with a +0 halberd of flaming!
* * * LOW HITPOINT WARNING * * *
Blork the orc burns you.
* * * LOW HITPOINT WARNING * * *
Blork the orc points at you and mumbles some strange words.
The puff of frost hits you.
You die...

......#### .......#.##
### ..........# ##.###
.......#..###....###
...#...###.........#
#.##..####........##
...#..###.รท.#.....####
......#...###........##
#.............#.@.....#
.....##.########....###
.....##.######......#
....##..##.##..ho.###
....#.............#
.#..........#....##
##..#.......##....
...###...........#
#..##..........#.


You could see Blork the orc (very poisoned) and a hound.

Vanquished Creatures
  A vampire bat (D:3)
  2 jellies
  5 gnolls
  4 adders
  2 dart slugs (D:3)
  4 orcs (D:3)
  9 bats
  10 endoplasms
  2 giant cockroaches
  5 goblins
  5 hobgoblins
  9 jackals
  5 quokkas
  5 ball pythons
  A frilled lizard (D:1)
  9 kobolds
  5 rats
83 creatures vanquished.

Notes
Turn   | Place    | Note
-------+----------+-------------------------------------------
     0 | D:1      | EiAlmux the Demonspawn Gladiator began the quest for the
                  | Orb.
     0 | D:1      | Reached XP level 1. HP: 16/16 MP: 1/1
   128 | D:1      | Found Zolesuf's Armour Shoppe.
   193 | D:1      | Reached skill level 1 in Stealth
   284 | D:1      | Gained mutation: You have a pair of small antennae on your
                  | head. [demonic ancestry]
   284 | D:1      | Reached XP level 2. HP: 21/22 MP: 2/2
  1004 | D:1      | Gained mutation: You are partially covered in sharp spines.
                  | [demonic ancestry]
  1004 | D:1      | Reached XP level 3. HP: 20/28 MP: 3/3
  1644 | D:2      | Found Ahon's Armour Shoppe.
  1747 | D:2      | Reached XP level 4. HP: 33/34 MP: 4/4
  2645 | D:3      | Reached XP level 5. HP: 41/41 MP: 5/5
  2987 | D:3      | Noticed an ice beast
  3489 | D:3      | Found a faded altar of an unknown god.
  3737 | D:4      | Noticed a centaur
  3741 | D:4      | Noticed Blork the orc
  3747 | D:4      | Gained mutation: You have a pair of antennae on your head.
                  | [demonic ancestry]
  3747 | D:4      | Reached XP level 6. HP: 19/49 MP: 6/6
  3951 | D:4      | Killed from afar by Blork the orc

Illustrated notes

Levels and vault maps discovered:
D:1:      dpeg_arrival_stonehenge_8_columns, layout_basic, serial_shops,
          nicolae_lakefront_shop, chequers_avenue
D:2:      layout_basic, serial_shops, shop, kennysheep_nub
D:3:      layout_basic, dreamdust_ecumenical_altar_angels_and_demons,
          roderic_batcave
D:4:      layout_cave_pools, grunt_decor_fettered, minmay_manual_mares,
          uniq_blork_the_orc, uniq_eustachio, uniq_grinder

Skill      XL: |  1  2  3  4  5 |
---------------+----------------+-----
Stealth        | 1 2 3 4 |  4.0
Fighting       | 3 4 |  4.4
Axes           | |  2.8
Maces & Flails | |  0.7
Throwing       | |  1.7
Dodging        | |  2.6

Action                   |  1- 3 |  4- 6 || total
-------------------------+-------+-------++-------
Melee: War axe           |    20 |       ||    20
       Whip              |    79 |    73 ||   152
       Punch             |       |     3 ||     3
Throw: Throwing net      |       |     1 ||     1
  Use: Scroll            |     1 |       ||     1
 Stab: Sleeping          |     3 |     8 ||    11
Armor: Leather armour    |    18 |    15 ||    33
Dodge: Dodged            |    62 |    31 ||    93

Table legend: (Time is in decaauts)
 A = Elapsed time spent in this place.
 B = Non-inter-level travel time spent in this place.
 C = Inter-level travel time spent in this place.
 D = Time resting spent in this place.
 E = Time spent auto-exploring this place.
 F = Levels seen in this place.
 G = Mean time per level.
                   A        B        C        D        E       F      G
               +--------+--------+--------+--------+--------+-----+--------+
         Total |   3957 |   3870 |     87 |      2 |   3328 |   4 |  989.2 |
       Dungeon |   3957 |   3870 |     87 |      2 |   3328 |   4 |  989.2 |
               +--------+--------+--------+--------+--------+-----+--------+

Top non-repeatable levels by time:
     D:3: 1575 daAuts
     D:1: 1444 daAuts
     D:2: 655 daAuts
     D:4: 282 daAuts
